Phantoms vs Condors

Created - June 18, 2022 at 23:17

Goals
1 2 3 T
Phantoms 1 2 3 6
Condors 0 1 0 1
Shots
1 2 3 T
Phantoms 16 8 14 38
Condors 8 16 13 37

1st period

1. Phantoms , Lucas Wallmarkk 10 (Blake Heinrich 16, Ivan Provorov 36) at 14:37

Penalties :
Zac Leslie (Bak) for Boarding (Minor) at 10:52

2nd period

2. Phantoms , Michael Bournival 29 (Travis Konecny 64, Lucas Wallmarkk 15) at 8:36
3. Condors , Mark Jankowski 25 (Daniel Zaar 44, Anton Slepyshev 51) at 12:05 (PP)
4. Phantoms , Calle Jarnkrok 38 (Travis Konecny 65) at 18:18

Penalties :
Blake Heinrich (Leh) for Holding (Minor) at 11:48, Mark Jankowski (Bak) for Roughing (Minor) at 13:02

3rd period

5. Phantoms , Michael Bournival 30 (Calle Jarnkrok 74, Nick Shore 43) at 2:52
6. Phantoms , Brendan Leipsic 5 (Lucas Wallmarkk 16, JC Lipon 7) at 5:31
7. Phantoms , Sven Andrighetto 23 (Reid McNeill 25, Anton Forsberg) at 6:07 (PP)

Penalties :
Nick Shore (Leh) for Hooking (Minor) at 0:18, Robby Fabbri (Bak) for High sticking (Minor) at 5:34, Nick Shore (Leh) for Holding (Minor) at 10:13, Louis Leblanc (Bak) for Hooking (Minor) at 11:03, Nick Sorensen (Leh) for Cross-checking (Minor) at 15:48, Adam Erne (Bak) for Hooking (Minor) at 19:33

Goalie Stats

Anton Forsberg (Leh), 36 saves from 37 shots - (0.973), W, 35-19-2, 60:00 minutes
Mark Visentin (Bak), 10 saves from 10 shots - (1.000), 13:53 minutes
Carter Hart (Bak), 22 saves from 28 shots - (0.786), L, 32-22-0, 46:07 minutes

Players Stats for Phantoms

Player Name              G  A  P  +/- PIM S  H  SB GA TA FO     MP     PP MP  PK MP  
------------------------------------------------------------------------------------
A.J. Greer               0  0  0   0  0   0  0  0  0  0  0/0     0:49   0:00   0:40 
Alex DeBrincat           0  0  0   0  0   2  2  0  0  1  0/0    15:45   2:19   0:00 
Anthony Angello          0  0  0   0  0   0  0  0  0  0  0/0     1:05   0:00   0:56 
Blake Heinrich           0  1  1   1  2   4  1  2  0  0  0/0    18:10   2:24   2:18 
Brendan Leipsic          1  0  1   2  0   6  1  1  1  0  0/0     8:12   0:00   0:00 
Brenden Kichton          0  0  0   0  0   0  0  2  0  0  0/0    10:45   0:00   0:00 
Calle Jarnkrok           1  1  2   3  0   5  1  1  1  0  14/29  24:28   3:27   3:22 
Cristoval Nieves         0  0  0   0  0   2  0  0  1  0  1/1     9:38   0:00   0:00 
David Kampf              0  0  0   0  0   0  0  0  0  0  0/0     0:05   0:01   0:00 
Devon Teows              0  0  0   0  0   0  0  0  0  0  0/0     4:48   0:00   0:00 
Erik Nystrom             0  0  0   0  0   0  1  0  0  0  0/0     9:38   0:00   0:00 
Ivan Provorov            0  1  1   1  0   1  3  1  0  0  0/0    18:11   2:24   2:18 
Jake Dotchin             0  0  0   4  0   1  1  3  0  1  0/0    26:16   3:23   2:47 
JC Lipon                 0  1  1   2  0   0  0  0  0  0  1/1     8:12   0:00   0:00 
Laurent Dauphin          0  0  0   0  0   0  0  0  0  0  0/0     0:00   0:00   0:00 
Lucas Wallmarkk          1  2  3   2  0   5  2  0  0  0  1/4     8:12   0:00   0:00 
Michael Bournival        2  0  2   3  0   6  3  2  2  0  12/17  24:38   3:27   3:32 
Mikko Lehtonen           0  0  0   0  0   0  1  1  0  0  0/0     4:48   0:00   0:00 
Morgan Klimchuk          0  0  0   0  0   0  0  0  0  0  0/0     0:00   0:00   0:00 
Nick Shore               0  1  1   1  4   0  1  0  0  1  6/13   16:47   2:44   0:00 
Nick Sorensen            0  0  0   0  2   1  0  2  0  0  0/0     9:46   0:00   0:00 
Reid McNeill             0  1  1   4  0   1  1  1  0  0  0/0    26:16   3:23   2:47 
Rinat Valiev             0  0  0   0  0   0  0  1  0  0  0/0    10:45   0:00   0:00 
Sven Andrighetto         1  0  1   0  0   1  0  0  0  0  0/2    16:40   2:20   0:50 
Travis Konecny           0  2  2   2  0   3  1  0  2  1  1/1    19:48   3:03   0:50 

Players Stats for Condors

Player Name              G  A  P  +/- PIM S  H  SB GA TA FO     MP     PP MP  PK MP  
------------------------------------------------------------------------------------
Adam Erne                0  0  0  -1  2   0  1  0  1  0  0/0    13:39   1:47   0:00 
Alexandre Carrier        0  0  0  -1  0   1  1  0  0  0  0/0    11:03   0:00   0:41 
Anton Slepyshev          0  1  1  -2  0   4  3  1  0  0  0/2    23:39   3:12   3:26 
Brett Lernout            0  0  0  -1  0   0  1  1  0  1  0/0    10:22   0:00   0:00 
Carl Gunnarsson          0  0  0  -3  0   3  0  0  0  0  0/0    26:25   3:22   3:47 
Chris Bigras             0  0  0  -1  0   1  0  1  0  0  0/0    18:32   1:43   2:00 
Christian Thomas         0  0  0  -2  0   4  1  1  0  0  0/0    12:55   0:22   1:07 
Colin White              0  0  0   0  0   1  1  0  0  0  1/2    10:30   0:05   1:08 
Daniel Zaar              0  1  1  -1  0   1  0  2  0  0  0/0    11:17   0:17   0:00 
Gustav Olofsson          0  0  0   0  0   0  0  0  0  0  0/0     5:14   0:00   0:33 
Jesse Puljujarvi         0  0  0  -2  0   0  2  0  0  0  1/1    11:43   0:22   0:00 
Kiefer Sherwood          0  0  0   0  0   1  2  0  0  0  0/0     9:04   0:00   0:00 
Louis Leblanc            0  0  0  -2  2   2  2  1  1  0  3/5    14:43   1:46   0:21 
Mark Jankowski           1  0  1  -2  2   5  1  1  2  0  20/44  22:34   3:12   2:22 
Phil McRae               0  0  0  -1  0   6  1  0  0  2  6/12   14:12   1:31   1:04 
Philippe Myers           0  0  0   0  0   0  0  0  0  0  0/0     4:41   0:00   0:00 
Robby Fabbri             0  0  0  -2  2   5  3  1  0  0  1/2    19:35   2:40   2:06 
Scott Mayfield           0  0  0  -3  0   2  2  3  0  4  0/0    26:25   3:22   3:47 
Tyson Jost               0  0  0   0  0   0  0  0  0  0  0/0     9:04   0:00   0:00 
Zac Leslie               0  0  0  -1  2   1  0  2  0  0  0/0    17:22   1:43   0:46 

3 Stars

1 - Michael Bournival (Leh)
2 - Lucas Wallmarkk (Leh)
3 - Anton Forsberg (Leh)

Power Play

Phantoms - 1 on 5 Attempt(s) - 20.00%
Condors - 1 on 4 Attempt(s) - 25.00%

Penalty Kill

Phantoms - 3 on 4 Attempt(s) - 75.00% - Score 0 goal in Penalty Kill
Condors - 4 on 5 Attempt(s) - 80.00% - Score 0 goal in Penalty Kill

Team Stat

Phantoms - Hits : 19 - Faceoff Wins : 36 - Blocked Shots : 17 - Penalty Minutes : 8
Condors - Hits : 21 - Faceoff Wins : 32 - Blocked Shots : 14 - Penalty Minutes : 10

Official

Referees : Peter MacDougall and Reid Anderson
Linesman : Libor Suchanek and Pierre Racicot

Game Notes

Daniel Zaar is injured at 18:14 of 2nd period (Separated Right Shoulder)
Mark Visentin enters game at 6:07 of 3rd period

Finance

Level 1 -- Attendance: 1770 (88.50%) -- Ticket Income $61,950
Level 2 -- Attendance: 952 (95.20%) -- Ticket Income $14,280
Total Attendance: 2722 (90.73%)
Total Ticket Income: $76,230
Other Income: $3,812
Total Income: $80,042

Phantoms

5 vs 5 Forward 
   Center                   Left Wing                Right Wing               Time % Phy DF OF 
 1 Calle Jarnkrok           Michael Bournival        Travis Konecny           40     1   2  2  
 2 Nick Shore               Alex DeBrincat           Sven Andrighetto         30     1   2  2  
 3 Cristoval Nieves         Erik Nystrom             Nick Sorensen            20     1   2  2  
 4 Lucas Wallmarkk          Brendan Leipsic          JC Lipon                 10     1   2  2  

5 vs 5 Defense 
   Defense                  Defense                                           Time % Phy DF OF 
 1 Jake Dotchin             Reid McNeill                                      40     1   2  2  
 2 Ivan Provorov            Blake Heinrich                                    30     1   2  2  
 3 Rinat Valiev             Brenden Kichton                                   20     1   2  2  
 4 Devon Teows              Mikko Lehtonen                                    10     1   2  2  

PowerPlay Forward 
   Center                   Left Wing                Right Wing               Time % Phy DF OF 
 1 Calle Jarnkrok           Michael Bournival        Travis Konecny           60     1   2  2  
 2 Nick Shore               Alex DeBrincat           Sven Andrighetto         40     1   2  2  

PowerPlay Defense
   Defense                  Defense                                           Time % Phy DF OF 
 1 Jake Dotchin             Reid McNeill                                      60     1   2  2  
 2 Ivan Provorov            Blake Heinrich                                    40     1   2  2  

Penalty Kill 4 Players Forward 
   Center                   Wing                     Time % Phy DF OF 
 1 Michael Bournival        Calle Jarnkrok           60     1   2  2  
 2 Travis Konecny           Sven Andrighetto         40     1   2  2  

Penalty Kill 4 Players Defense
   Defense                  Defense                  Time % Phy DF OF 
 1 Jake Dotchin             Reid McNeill             60     1   2  2  
 2 Ivan Provorov            Blake Heinrich           40     1   2  2  

Penalty Kill - 3 Players Forward 
   Forward                                           Time % Phy DF OF 
 1 Michael Bournival                                 60     1   2  2  
 2 Calle Jarnkrok                                    40     1   2  2  

Penalty Kill - 3 Players Defense
   Defense                  Defense                  Time % Phy DF OF 
 1 Jake Dotchin             Reid McNeill             60     1   2  2  
 2 Ivan Provorov            Blake Heinrich           40     1   2  2  

4 vs 4 Forward 
   Center                   Wing                     Time % Phy DF OF 
 1 Michael Bournival        Calle Jarnkrok           60     1   2  2  
 2 Travis Konecny           Sven Andrighetto         40     1   2  2  

4 vs 4 Defense
   Defense                  Defense                  Time % Phy DF OF 
 1 Jake Dotchin             Reid McNeill             60     1   2  2  
 2 Ivan Provorov            Blake Heinrich           40     1   2  2  

Last Minutes Offensive
   Center                   Left Wing                Right Wing               Defense                  Defense                  
   Calle Jarnkrok           Michael Bournival        Travis Konecny           Jake Dotchin             Reid McNeill             

Last Minutes Defensive
   Center                   Left Wing                Right Wing               Defense                  Defense                  
   Calle Jarnkrok           Michael Bournival        Travis Konecny           Jake Dotchin             Reid McNeill             

Goaltenders
Starting : Anton Forsberg           
Backup : Zachary Fucale           

Extra Forwards
Normal : David Kampf, Laurent Dauphin, Anthony Angello - PP : David Kampf, Laurent Dauphin - PK : Anthony Angello
Extra Defensemen
Normal : Rinat Valiev, Brenden Kichton, Devon Teows - PP : Rinat Valiev - PK : Brenden Kichton, Devon Teows
Penalty Shots
Michael Bournival, Calle Jarnkrok, Travis Konecny, Sven Andrighetto, Alex DeBrincat

Scratches
Cooper Marody (Healthy), Mark Alt (Sprained Right Knee Injury), Brett Murray (Healthy), Matt Kiersted (Healthy), Riley Stillman (Healthy)
Jason Kasdorf (Healthy)

Condors

5 vs 5 Forward 
   Center                   Left Wing                Right Wing               Time % Phy DF OF 
 1 Mark Jankowski           Anton Slepyshev          Daniel Zaar              40     1   2  2  
 2 Phil McRae               Robby Fabbri             Adam Erne                30     1   2  2  
 3 Louis Leblanc            Christian Thomas         Jesse Puljujarvi         20     1   2  2  
 4 Colin White              Tyson Jost               Kiefer Sherwood          10     1   2  2  

5 vs 5 Defense 
   Defense                  Defense                                           Time % Phy DF OF 
 1 Scott Mayfield           Carl Gunnarsson                                   40     1   2  2  
 2 Zac Leslie               Chris Bigras                                      30     1   2  2  
 3 Brett Lernout            Alexandre Carrier                                 20     1   2  2  
 4 Gustav Olofsson          Philippe Myers                                    10     1   2  2  

PowerPlay Forward 
   Center                   Left Wing                Right Wing               Time % Phy DF OF 
 1 Mark Jankowski           Anton Slepyshev          Daniel Zaar              60     1   2  2  
 2 Phil McRae               Robby Fabbri             Adam Erne                40     1   2  2  

PowerPlay Defense
   Defense                  Defense                                           Time % Phy DF OF 
 1 Scott Mayfield           Carl Gunnarsson                                   60     1   2  2  
 2 Zac Leslie               Chris Bigras                                      40     1   2  2  

Penalty Kill 4 Players Forward 
   Center                   Wing                     Time % Phy DF OF 
 1 Mark Jankowski           Anton Slepyshev          60     1   2  2  
 2 Phil McRae               Robby Fabbri             40     1   2  2  

Penalty Kill 4 Players Defense
   Defense                  Defense                  Time % Phy DF OF 
 1 Scott Mayfield           Carl Gunnarsson          60     1   2  2  
 2 Zac Leslie               Chris Bigras             40     1   2  2  

Penalty Kill - 3 Players Forward 
   Forward                                           Time % Phy DF OF 
 1 Mark Jankowski                                    60     1   2  2  
 2 Phil McRae                                        40     1   2  2  

Penalty Kill - 3 Players Defense
   Defense                  Defense                  Time % Phy DF OF 
 1 Scott Mayfield           Carl Gunnarsson          60     1   2  2  
 2 Zac Leslie               Chris Bigras             40     1   2  2  

4 vs 4 Forward 
   Center                   Wing                     Time % Phy DF OF 
 1 Mark Jankowski           Anton Slepyshev          60     1   2  2  
 2 Phil McRae               Robby Fabbri             40     1   2  2  

4 vs 4 Defense
   Defense                  Defense                  Time % Phy DF OF 
 1 Scott Mayfield           Carl Gunnarsson          60     1   2  2  
 2 Zac Leslie               Chris Bigras             40     1   2  2  

Last Minutes Offensive
   Center                   Left Wing                Right Wing               Defense                  Defense                  
   Mark Jankowski           Anton Slepyshev          Daniel Zaar              Scott Mayfield           Carl Gunnarsson          

Last Minutes Defensive
   Center                   Left Wing                Right Wing               Defense                  Defense                  
   Mark Jankowski           Anton Slepyshev          Daniel Zaar              Scott Mayfield           Carl Gunnarsson          

Goaltenders
Starting : Carter Hart              
Backup : Mark Visentin            

Extra Forwards
Normal : Robby Fabbri, Louis Leblanc, Adam Erne - PP : Robby Fabbri, Louis Leblanc - PK : Robby Fabbri
Extra Defensemen
Normal : Alexandre Carrier, Gustav Olofsson, Philippe Myers - PP : Alexandre Carrier - PK : Alexandre Carrier, Gustav Olofsson
Penalty Shots
Anton Slepyshev, Mark Jankowski, Daniel Zaar, Phil McRae, Robby Fabbri

Scratches
Anders Bjork (Healthy), Cole Cassels (Healthy), Connor Hurley (Healthy), Emil Djuse (Healthy), Jeremy Gregoire (Healthy)
Jordan Subban (Healthy), Remi Elie (Healthy), Tyler Bozak (Suspend), Clayton Keller (Healthy), Nikolai Knyzhov (Healthy)
Lucas Johansen (Healthy), Jack Campbell (Healthy)

% Time on Ice - Phantoms

Lines # - Real PCT - Wanted PCT - Time Play
Normal Forward
1 - 35% - 40% - 16:39
2 - 28% - 30% - 13:30
3 - 20% - 20% - 9:38
4 - 17% - 10% - 8:12
Normal Defense
1 - 39% - 40% - 18:57
2 - 28% - 30% - 13:29
3 - 22% - 20% - 10:45
4 - 10% - 10% - 4:48
PP Forward
1 - 60% - 60% - 3:27
2 - 40% - 40% - 2:20
PP Defense
1 - 59% - 60% - 3:23
2 - 41% - 40% - 2:24
PK Forward
1 - 84% - 60% - 4:15
2 - 16% - 40% - 0:50
PK Defense
1 - 55% - 60% - 2:47
2 - 45% - 40% - 2:18
PK3 Forward
1 - 0% - 60%
2 - 0% - 40%
PK3 Defense
1 - 0% - 60%
2 - 0% - 40%
44 Forward
1 - 100% - 60% - 1:09
2 - 0% - 40% - 0:00
44 Defense
1 - 100% - 60% - 1:09
2 - 0% - 40% - 0:00
Last Minute Offensive  - 0:00
Last Minute Defensive  - 0:00
Total
Forward - 60:00
Defense - 60:00

% Time on Ice - Condors

Lines # - Real PCT - Wanted PCT - Time Play
Normal Forward
1 - 34% - 40% - 16:05
2 - 24% - 30% - 11:37
3 - 23% - 20% - 11:13
4 - 19% - 10% - 9:04
Normal Defense
1 - 38% - 40% - 18:07
2 - 31% - 30% - 14:49
3 - 22% - 20% - 10:22
4 - 10% - 10% - 4:41
PP Forward
1 - 70% - 60% - 3:34
2 - 30% - 40% - 1:31
PP Defense
1 - 66% - 60% - 3:22
2 - 34% - 40% - 1:43
PK Forward
1 - 82% - 60% - 4:43
2 - 18% - 40% - 1:04
PK Defense
1 - 65% - 60% - 3:47
2 - 35% - 40% - 2:00
PK3 Forward
1 - 0% - 60%
2 - 0% - 40%
PK3 Defense
1 - 0% - 60%
2 - 0% - 40%
44 Forward
1 - 100% - 60% - 1:09
2 - 0% - 40% - 0:00
44 Defense
1 - 100% - 60% - 1:09
2 - 0% - 40% - 0:00
Last Minute Offensive  - 0:00
Last Minute Defensive  - 0:00
Total
Forward - 60:00
Defense - 60:00

Play-by-Play

1st period


0:01 of 1st period - Mark Jankowski wins face-off versus Calle Jarnkrok in neutral zone.
1:05 of 1st period - Snap shot by Cristoval Nieves.
1:05 of 1st period - Stopped by Carter Hart without a rebound.
1:06 of 1st period - Phil McRae wins face-off versus Nick Shore in Condors zone.
1:15 of 1st period - Zac Leslie is hit by Ivan Provorov.
2:12 of 1st period - Wrist shot by Alex DeBrincat.
2:12 of 1st period - Stopped by Carter Hart with a rebound.
2:14 of 1st period - Slapshot by Blake Heinrich.
2:14 of 1st period - Stopped by Carter Hart without a rebound.
2:15 of 1st period - Phil McRae wins face-off versus Nick Shore in Condors zone.
2:21 of 1st period - Off-side.
2:22 of 1st period - Louis Leblanc wins face-off versus Calle Jarnkrok in neutral zone.
3:31 of 1st period - Wrist shot by Kiefer Sherwood.
3:31 of 1st period - Shot Blocked by Mikko Lehtonen.
3:33 of 1st period - Slapshot by Scott Mayfield.
3:33 of 1st period - Stopped by Anton Forsberg with a rebound.
3:50 of 1st period - Snap shot by Michael Bournival.
3:50 of 1st period - Stopped by Carter Hart with a rebound.
3:52 of 1st period - Wrist shot by Travis Konecny.
3:52 of 1st period - Shot Misses the Net.
4:12 of 1st period - Wrist shot by Jesse Puljujarvi.
4:12 of 1st period - Deflect By Christian Thomas.
4:12 of 1st period - Stopped by Anton Forsberg without a rebound.
4:13 of 1st period - Nick Shore wins face-off versus Louis Leblanc in Phantoms zone.
4:13 of 1st period - Nick Shore is hit by Jesse Puljujarvi.
4:33 of 1st period - Snap shot by Alex DeBrincat.
4:33 of 1st period - Stopped by Carter Hart without a rebound.
4:34 of 1st period - Calle Jarnkrok wins face-off versus Mark Jankowski in Condors zone.
5:06 of 1st period - Wrist shot by Phil McRae.
5:06 of 1st period - Stopped by Anton Forsberg with a rebound.
5:08 of 1st period - Snap shot by Phil McRae.
5:08 of 1st period - Stopped by Anton Forsberg without a rebound.
5:09 of 1st period - Phil McRae wins face-off versus Calle Jarnkrok in Phantoms zone.
6:01 of 1st period - Sven Andrighetto is hit by Louis Leblanc and loses puck.
7:01 of 1st period - Rinat Valiev is hit by Alexandre Carrier and loses puck.
7:10 of 1st period - Wrist shot by Daniel Zaar.
7:10 of 1st period - Shot Misses the Net.
7:12 of 1st period - Slapshot by Gustav Olofsson.
7:12 of 1st period - Shot Blocked by Nick Sorensen.
7:22 of 1st period - Philippe Myers is hit by Nick Shore and loses puck.
7:31 of 1st period - Wrist shot by Sven Andrighetto.
7:31 of 1st period - Shot Misses the Net.
7:53 of 1st period - Snap shot by Kiefer Sherwood.
7:53 of 1st period - Shot Misses the Net.
8:11 of 1st period - Michael Bournival is hit by Robby Fabbri and loses puck.
8:35 of 1st period - Wrist shot by Anton Slepyshev.
8:35 of 1st period - Deflect By Erik Nystrom.
8:35 of 1st period - Stopped by Anton Forsberg with a rebound.
8:50 of 1st period - Snap shot by Louis Leblanc.
8:50 of 1st period - Stopped by Anton Forsberg with a rebound.
10:25 of 1st period - Tyson Jost is hit by Michael Bournival and loses puck.
10:52 of 1st period - Minor Penalty to Zac Leslie for Boarding.
10:53 of 1st period - Travis Konecny wins face-off versus Mark Jankowski in Condors zone.
12:43 of 1st period - Calle Jarnkrok is hit by Scott Mayfield and loses puck.
12:52 of 1st period - Penalty to Zac Leslie is over, Zac Leslie is back on ice.
13:02 of 1st period - Erik Nystrom is hit by Kiefer Sherwood and loses puck.
13:36 of 1st period - Snap shot by Cristoval Nieves.
13:36 of 1st period - Deflect By Nick Sorensen.
13:36 of 1st period - Stopped by Carter Hart without a rebound.
13:37 of 1st period - Lucas Wallmarkk wins face-off versus Phil McRae in Condors zone.
13:44 of 1st period - Snap shot by Lucas Wallmarkk.
13:44 of 1st period - Stopped by Carter Hart without a rebound.
13:45 of 1st period - Phil McRae wins face-off versus Lucas Wallmarkk in Condors zone.
13:45 of 1st period - Phil McRae is hit by Lucas Wallmarkk.
14:01 of 1st period - Snap shot by Brendan Leipsic.
14:01 of 1st period - Stopped by Carter Hart with a rebound.
14:05 of 1st period - Snap shot by Brendan Leipsic.
14:05 of 1st period - Stopped by Carter Hart with a rebound.
14:23 of 1st period - Slapshot by Brendan Leipsic.
14:23 of 1st period - Shot Blocked by Scott Mayfield.
14:25 of 1st period - Slapshot by Blake Heinrich.
14:25 of 1st period - Stopped by Carter Hart with a rebound.
14:27 of 1st period - Slapshot by Ivan Provorov.
14:27 of 1st period - Stopped by Carter Hart with a rebound.
14:29 of 1st period - Wrist shot by Lucas Wallmarkk.
14:29 of 1st period - Stopped by Carter Hart with a rebound.
14:31 of 1st period - Snap shot by Lucas Wallmarkk.
14:31 of 1st period - Shot Misses the Net.
14:33 of 1st period - Snap shot by Blake Heinrich.
14:33 of 1st period - Stopped by Carter Hart with a rebound.
14:35 of 1st period - Wrist shot by Lucas Wallmarkk.
14:35 of 1st period - Stopped by Carter Hart with a rebound.
14:37 of 1st period - Slapshot by Blake Heinrich.
14:37 of 1st period - Deflect By Lucas Wallmarkk.
14:37 of 1st period - Goal by Lucas Wallmarkk - Phantoms : 1 - Condors : 0.
14:38 of 1st period - Calle Jarnkrok wins face-off versus Mark Jankowski in neutral zone.
15:01 of 1st period - Icing by Michael Bournival.
15:02 of 1st period - Nick Shore wins face-off versus Louis Leblanc in Phantoms zone.
15:02 of 1st period - Nick Shore is hit by Scott Mayfield.
15:28 of 1st period - Alex DeBrincat is hit by Adam Erne and loses puck.
15:33 of 1st period - Snap shot by Adam Erne.
15:33 of 1st period - Shot Misses the Net.
15:35 of 1st period - Wrist shot by Adam Erne.
15:35 of 1st period - Shot Misses the Net.
15:37 of 1st period - Wrist shot by Phil McRae.
15:37 of 1st period - Shot Misses the Net.
15:39 of 1st period - Snap shot by Phil McRae.
15:39 of 1st period - Stopped by Anton Forsberg with a rebound.
15:41 of 1st period - Snap shot by Phil McRae.
15:41 of 1st period - Shot Misses the Net.
15:57 of 1st period - Chris Bigras is hit by Michael Bournival and loses puck.
16:12 of 1st period - Ivan Provorov is hit by Kiefer Sherwood and loses puck.
16:31 of 1st period - Kiefer Sherwood is hit by Lucas Wallmarkk and loses puck.
18:16 of 1st period - Snap shot by Lucas Wallmarkk.
18:16 of 1st period - Stopped by Carter Hart without a rebound.
18:17 of 1st period - Phil McRae wins face-off versus Sven Andrighetto in Condors zone.
19:10 of 1st period - Wrist shot by Louis Leblanc.
19:10 of 1st period - Deflect By Christian Thomas.
19:10 of 1st period - Stopped by Anton Forsberg without a rebound.
19:11 of 1st period - Louis Leblanc wins face-off versus Sven Andrighetto in Phantoms zone.
19:18 of 1st period - Louis Leblanc is hit by Alex DeBrincat and loses puck.
Goals for this period are 1 for Phantoms vs 0 for Condors.
Shots for this period are 16 for Phantoms vs 8 for Condors.

2nd period


0:01 of 2nd period - Mark Jankowski wins face-off versus Calle Jarnkrok in neutral zone.
0:12 of 2nd period - Snap shot by Mark Jankowski.
0:12 of 2nd period - Shot Blocked by Jake Dotchin.
0:58 of 2nd period - Wrist shot by Louis Leblanc.
0:58 of 2nd period - Stopped by Anton Forsberg without a rebound.
0:59 of 2nd period - Mark Jankowski wins face-off versus Calle Jarnkrok in Phantoms zone.
1:04 of 2nd period - Slapshot by Anton Slepyshev.
1:04 of 2nd period - Shot Blocked by Michael Bournival.
1:50 of 2nd period - Wrist shot by Kiefer Sherwood.
1:50 of 2nd period - Shot Blocked by Blake Heinrich.
2:06 of 2nd period - Alexandre Carrier is hit by Michael Bournival and loses puck.
3:07 of 2nd period - Slapshot by Brendan Leipsic.
3:07 of 2nd period - Stopped by Carter Hart without a rebound.
3:08 of 2nd period - Calle Jarnkrok wins face-off versus Mark Jankowski in Condors zone.
3:39 of 2nd period - Wrist shot by Nick Shore.
3:39 of 2nd period - Shot Misses the Net.
3:55 of 2nd period - Chris Bigras is hit by Erik Nystrom and loses puck.
4:20 of 2nd period - Snap shot by Daniel Zaar.
4:20 of 2nd period - Deflect By Mark Jankowski.
4:20 of 2nd period - Shot Misses the Net.
4:20 of 2nd period - Puck is out of play.
4:21 of 2nd period - Mark Jankowski wins face-off versus Nick Shore in Phantoms zone.
4:30 of 2nd period - Wrist shot by Daniel Zaar.
4:30 of 2nd period - Stopped by Anton Forsberg with a rebound.
4:32 of 2nd period - Slapshot by Anton Slepyshev.
4:32 of 2nd period - Stopped by Anton Forsberg with a rebound.
4:34 of 2nd period - Wrist shot by Anton Slepyshev.
4:34 of 2nd period - Shot Misses the Net.
4:36 of 2nd period - Snap shot by Daniel Zaar.
4:36 of 2nd period - Shot Misses the Net.
4:38 of 2nd period - Wrist shot by Zac Leslie.
4:38 of 2nd period - Stopped by Anton Forsberg without a rebound.
4:39 of 2nd period - Calle Jarnkrok wins face-off versus Phil McRae in Phantoms zone.
4:39 of 2nd period - Calle Jarnkrok is hit by Robby Fabbri.
4:49 of 2nd period - Snap shot by Travis Konecny.
4:49 of 2nd period - Stopped by Carter Hart with a rebound.
4:51 of 2nd period - Snap shot by Travis Konecny.
4:51 of 2nd period - Stopped by Carter Hart without a rebound.
4:52 of 2nd period - Mark Jankowski wins face-off versus Calle Jarnkrok in Condors zone.
5:24 of 2nd period - Slapshot by Travis Konecny.
5:24 of 2nd period - Shot Blocked by Louis Leblanc.
5:36 of 2nd period - Wrist shot by Michael Bournival.
5:36 of 2nd period - Shot Blocked by Christian Thomas.
5:38 of 2nd period - Slapshot by Calle Jarnkrok.
5:38 of 2nd period - Stopped by Carter Hart without a rebound.
5:39 of 2nd period - Mark Jankowski wins face-off versus Nick Shore in Condors zone.
5:44 of 2nd period - Snap shot by Daniel Zaar.
5:44 of 2nd period - Shot Misses the Net.
5:52 of 2nd period - Snap shot by Mark Jankowski.
5:52 of 2nd period - Stopped by Anton Forsberg without a rebound.
5:53 of 2nd period - Nick Shore wins face-off versus Mark Jankowski in Phantoms zone.
7:24 of 2nd period - Alexandre Carrier is hit by Mikko Lehtonen and loses puck.
8:03 of 2nd period - Off-side.
8:04 of 2nd period - Jesse Puljujarvi wins face-off versus Lucas Wallmarkk in neutral zone.
8:07 of 2nd period - Jake Dotchin is hit by Jesse Puljujarvi and loses puck.
8:36 of 2nd period - Snap shot by Michael Bournival.
8:36 of 2nd period - Goal by Michael Bournival - Phantoms : 2 - Condors : 0.
8:37 of 2nd period - Mark Jankowski wins face-off versus Calle Jarnkrok in neutral zone.
8:40 of 2nd period - Snap shot by Daniel Zaar.
8:40 of 2nd period - Shot Blocked by Michael Bournival.
8:42 of 2nd period - Slapshot by Anton Slepyshev.
8:42 of 2nd period - Shot Misses the Net.
8:44 of 2nd period - Snap shot by Anton Slepyshev.
8:44 of 2nd period - Shot Misses the Net.
8:54 of 2nd period - Michael Bournival is hit by Anton Slepyshev and loses puck.
9:27 of 2nd period - Snap shot by Kiefer Sherwood.
9:27 of 2nd period - Stopped by Anton Forsberg without a rebound.
9:28 of 2nd period - Cristoval Nieves wins face-off versus Colin White in Phantoms zone.
10:14 of 2nd period - Snap shot by Phil McRae.
10:14 of 2nd period - Stopped by Anton Forsberg with a rebound.
10:16 of 2nd period - Wrist shot by Robby Fabbri.
10:16 of 2nd period - Shot Misses the Net.
10:22 of 2nd period - Snap shot by Robby Fabbri.
10:22 of 2nd period - Stopped by Anton Forsberg with a rebound.
10:32 of 2nd period - Wrist shot by Christian Thomas.
10:32 of 2nd period - Shot Blocked by Rinat Valiev.
10:34 of 2nd period - Slapshot by Scott Mayfield.
10:34 of 2nd period - Shot Blocked by Brenden Kichton.
10:36 of 2nd period - Snap shot by Louis Leblanc.
10:36 of 2nd period - Shot Misses the Net.
11:12 of 2nd period - Snap shot by Calle Jarnkrok.
11:12 of 2nd period - Shot Blocked by Chris Bigras.
11:22 of 2nd period - Snap shot by Anton Slepyshev.
11:22 of 2nd period - Shot Blocked by Brenden Kichton.
11:34 of 2nd period - Adam Erne is hit by Alex DeBrincat and loses puck.
11:48 of 2nd period - Minor Penalty to Blake Heinrich for Holding.
11:49 of 2nd period - Michael Bournival wins face-off versus Anton Slepyshev in Phantoms zone.
12:05 of 2nd period - Snap shot by Mark Jankowski.
12:05 of 2nd period - Goal by Mark Jankowski - Phantoms : 2 - Condors : 1.
12:06 of 2nd period - Mark Jankowski wins face-off versus Calle Jarnkrok in neutral zone.
12:22 of 2nd period - Wrist shot by Anton Slepyshev.
12:22 of 2nd period - Stopped by Anton Forsberg without a rebound.
12:23 of 2nd period - Phil McRae wins face-off versus Nick Shore in Phantoms zone.
12:28 of 2nd period - Snap shot by Robby Fabbri.
12:28 of 2nd period - Stopped by Anton Forsberg without a rebound.
12:29 of 2nd period - Nick Shore wins face-off versus Phil McRae in Phantoms zone.
12:40 of 2nd period - Snap shot by Phil McRae.
12:40 of 2nd period - Deflect By Alex DeBrincat.
12:40 of 2nd period - Stopped by Anton Forsberg without a rebound.
12:41 of 2nd period - Mark Jankowski wins face-off versus Calle Jarnkrok in Phantoms zone.
13:02 of 2nd period - Minor Penalty to Mark Jankowski for Roughing.
13:03 of 2nd period - Calle Jarnkrok wins face-off versus Robby Fabbri in Condors zone.
13:04 of 2nd period - Backhand shot by Travis Konecny.
13:04 of 2nd period - Stopped by Carter Hart without a rebound.
13:05 of 2nd period - Robby Fabbri wins face-off versus Calle Jarnkrok in Condors zone.
13:14 of 2nd period - Scott Mayfield is hit by Travis Konecny and loses puck.
13:52 of 2nd period - Wrist shot by Anton Slepyshev.
13:52 of 2nd period - Shot Blocked by Calle Jarnkrok.
14:10 of 2nd period - Zac Leslie is hit by Blake Heinrich and loses puck.
15:02 of 2nd period - Penalty to Mark Jankowski is over, Mark Jankowski is back on ice.
15:14 of 2nd period - Slapshot by Cristoval Nieves.
15:14 of 2nd period - Shot Blocked by Zac Leslie.
15:16 of 2nd period - Slapshot by Erik Nystrom.
15:16 of 2nd period - Shot Blocked by Zac Leslie.
15:18 of 2nd period - Slapshot by Cristoval Nieves.
15:18 of 2nd period - Stopped by Carter Hart with a rebound.
15:20 of 2nd period - Slapshot by Brenden Kichton.
15:20 of 2nd period - Shot Blocked by Robby Fabbri.
15:30 of 2nd period - Chris Bigras is hit by Brendan Leipsic and loses puck.
15:55 of 2nd period - Icing by Ivan Provorov.
15:56 of 2nd period - Colin White wins face-off versus Lucas Wallmarkk in Phantoms zone.
17:03 of 2nd period - Tyson Jost is hit by Reid McNeill and loses puck.
17:36 of 2nd period - Off-side.
17:37 of 2nd period - JC Lipon wins face-off versus Phil McRae in neutral zone.
17:44 of 2nd period - Snap shot by Phil McRae.
17:44 of 2nd period - Stopped by Anton Forsberg with a rebound.
18:08 of 2nd period - Wrist shot by Travis Konecny.
18:08 of 2nd period - Shot Blocked by Anton Slepyshev.
18:10 of 2nd period - Slapshot by Blake Heinrich.
18:10 of 2nd period - Shot Blocked by Daniel Zaar.
18:12 of 2nd period - Slapshot by Travis Konecny.
18:12 of 2nd period - Shot Misses the Net.
18:14 of 2nd period - Slapshot by Calle Jarnkrok.
18:14 of 2nd period - Shot Blocked by Daniel Zaar.
18:14 of 2nd period - Daniel Zaar from Condors is injured at 18:14 of 2nd period (Separated Right Shoulder).
18:15 of 2nd period - Calle Jarnkrok wins face-off versus Mark Jankowski in Condors zone.
18:18 of 2nd period - Slapshot by Calle Jarnkrok.
18:18 of 2nd period - Goal by Calle Jarnkrok - Phantoms : 3 - Condors : 1.
18:19 of 2nd period - Mark Jankowski wins face-off versus Calle Jarnkrok in neutral zone.
18:23 of 2nd period - Slapshot by Mark Jankowski.
18:23 of 2nd period - Shot Blocked by Reid McNeill.
18:25 of 2nd period - Wrist shot by Robby Fabbri.
18:25 of 2nd period - Stopped by Anton Forsberg without a rebound.
18:26 of 2nd period - Calle Jarnkrok wins face-off versus Mark Jankowski in Phantoms zone.
18:39 of 2nd period - Snap shot by Mark Jankowski.
18:39 of 2nd period - Shot Misses the Net.
18:41 of 2nd period - Snap shot by Mark Jankowski.
18:41 of 2nd period - Stopped by Anton Forsberg with a rebound.
19:17 of 2nd period - Slapshot by Scott Mayfield.
19:17 of 2nd period - Shot Blocked by Blake Heinrich.
19:19 of 2nd period - Snap shot by Carl Gunnarsson.
19:19 of 2nd period - Shot Misses the Net.
19:21 of 2nd period - Wrist shot by Colin White.
19:21 of 2nd period - Shot Blocked by Nick Sorensen.
19:23 of 2nd period - Wrist shot by Colin White.
19:23 of 2nd period - Stopped by Anton Forsberg with a rebound.
Goals for this period are 2 for Phantoms vs 1 for Condors.
Shots for this period are 8 for Phantoms vs 16 for Condors.

3rd period


0:01 of 3rd period - Mark Jankowski wins face-off versus Calle Jarnkrok in neutral zone.
0:12 of 3rd period - Slapshot by Mark Jankowski.
0:12 of 3rd period - Stopped by Anton Forsberg with a rebound.
0:14 of 3rd period - Slapshot by Carl Gunnarsson.
0:14 of 3rd period - Stopped by Anton Forsberg without a rebound.
0:15 of 3rd period - Nick Shore wins face-off versus Mark Jankowski in Phantoms zone.
0:15 of 3rd period - Nick Shore is hit by Anton Slepyshev.
0:18 of 3rd period - Minor Penalty to Nick Shore for Hooking.
0:19 of 3rd period - Michael Bournival wins face-off versus Mark Jankowski in Phantoms zone.
1:16 of 3rd period - Icing by Anton Slepyshev.
1:17 of 3rd period - Louis Leblanc wins face-off versus Michael Bournival in Condors zone.
1:21 of 3rd period - Off-side.
1:22 of 3rd period - Michael Bournival wins face-off versus Phil McRae in neutral zone.
1:25 of 3rd period - Slapshot by Ivan Provorov.
1:25 of 3rd period - Deflect By Michael Bournival.
1:25 of 3rd period - Shot Misses the Net.
1:25 of 3rd period - Puck is out of play.
1:26 of 3rd period - Michael Bournival wins face-off versus Phil McRae in Condors zone.
1:55 of 3rd period - Slapshot by Scott Mayfield.
1:55 of 3rd period - Deflect By Mark Jankowski.
1:55 of 3rd period - Shot Misses the Net.
1:55 of 3rd period - Puck is out of play.
1:56 of 3rd period - Mark Jankowski wins face-off versus Michael Bournival in Phantoms zone.
2:05 of 3rd period - Slapshot by Mark Jankowski.
2:05 of 3rd period - Shot Misses the Net.
2:07 of 3rd period - Slapshot by Chris Bigras.
2:07 of 3rd period - Stopped by Anton Forsberg without a rebound.
2:08 of 3rd period - Michael Bournival wins face-off versus Mark Jankowski in Phantoms zone.
2:18 of 3rd period - Penalty to Nick Shore is over, Nick Shore is back on ice.
2:52 of 3rd period - Wrist shot by Michael Bournival.
2:52 of 3rd period - Goal by Michael Bournival - Phantoms : 4 - Condors : 1.
2:53 of 3rd period - Nick Shore wins face-off versus Mark Jankowski in neutral zone.
3:03 of 3rd period - Wrist shot by Mark Jankowski.
3:03 of 3rd period - Stopped by Anton Forsberg with a rebound.
3:05 of 3rd period - Snap shot by Anton Slepyshev.
3:05 of 3rd period - Shot Blocked by Ivan Provorov.
3:24 of 3rd period - Slapshot by Zac Leslie.
3:24 of 3rd period - Shot Misses the Net.
3:26 of 3rd period - Wrist shot by Tyson Jost.
3:26 of 3rd period - Shot Misses the Net.
3:32 of 3rd period - Wrist shot by Colin White.
3:32 of 3rd period - Deflect By Tyson Jost.
3:32 of 3rd period - Shot Blocked by Jake Dotchin.
3:32 of 3rd period - Puck is out of play.
3:33 of 3rd period - Calle Jarnkrok wins face-off versus Mark Jankowski in Phantoms zone.
5:31 of 3rd period - Snap shot by Brendan Leipsic.
5:31 of 3rd period - Goal by Brendan Leipsic - Phantoms : 5 - Condors : 1.
5:32 of 3rd period - Mark Jankowski wins face-off versus Nick Shore in neutral zone.
5:34 of 3rd period - Minor Penalty to Robby Fabbri for High sticking.
5:35 of 3rd period - Calle Jarnkrok wins face-off versus Mark Jankowski in Condors zone.
6:05 of 3rd period - Slapshot by Reid McNeill.
6:05 of 3rd period - Stopped by Carter Hart with a rebound.
6:07 of 3rd period - Slapshot by Sven Andrighetto.
6:07 of 3rd period - Goal by Sven Andrighetto - Phantoms : 6 - Condors : 1.
6:07 of 3rd period - Mark Visentin enters game.
6:08 of 3rd period - Mark Jankowski wins face-off versus Calle Jarnkrok in neutral zone.
6:15 of 3rd period - Snap shot by Anton Slepyshev.
6:15 of 3rd period - Stopped by Anton Forsberg without a rebound.
6:16 of 3rd period - Mark Jankowski wins face-off versus Calle Jarnkrok in Phantoms zone.
7:01 of 3rd period - Scott Mayfield is hit by Ivan Provorov and loses puck.
7:06 of 3rd period - Snap shot by Brendan Leipsic.
7:06 of 3rd period - Stopped by Mark Visentin with a rebound.
7:08 of 3rd period - Wrist shot by Lucas Wallmarkk.
7:08 of 3rd period - Shot Misses the Net.
7:10 of 3rd period - Slapshot by Blake Heinrich.
7:10 of 3rd period - Stopped by Mark Visentin with a rebound.
7:12 of 3rd period - Wrist shot by Brendan Leipsic.
7:12 of 3rd period - Shot Misses the Net.
7:14 of 3rd period - Wrist shot by JC Lipon.
7:14 of 3rd period - Deflect By Lucas Wallmarkk.
7:14 of 3rd period - Shot Blocked by Scott Mayfield.
7:14 of 3rd period - Puck is out of play.
7:15 of 3rd period - Calle Jarnkrok wins face-off versus Mark Jankowski in Condors zone.
7:40 of 3rd period - Rinat Valiev is hit by Colin White and loses puck.
7:45 of 3rd period - Slapshot by Alexandre Carrier.
7:45 of 3rd period - Stopped by Anton Forsberg without a rebound.
7:46 of 3rd period - Mark Jankowski wins face-off versus Nick Shore in Phantoms zone.
8:33 of 3rd period - Slapshot by Jake Dotchin.
8:33 of 3rd period - Shot Hit the Post.
9:15 of 3rd period - Slapshot by Carl Gunnarsson.
9:15 of 3rd period - Shot Misses the Net.
9:17 of 3rd period - Slapshot by Scott Mayfield.
9:17 of 3rd period - Stopped by Anton Forsberg without a rebound.
9:18 of 3rd period - Calle Jarnkrok wins face-off versus Mark Jankowski in Phantoms zone.
9:18 of 3rd period - Calle Jarnkrok is hit by Louis Leblanc.
9:43 of 3rd period - Alex DeBrincat is hit by Robby Fabbri.
10:13 of 3rd period - Minor Penalty to Nick Shore for Holding.
10:14 of 3rd period - Michael Bournival wins face-off versus Mark Jankowski in Phantoms zone.
10:22 of 3rd period - Backhand shot by Carl Gunnarsson.
10:22 of 3rd period - Stopped by Anton Forsberg with a rebound.
11:03 of 3rd period - Minor Penalty to Louis Leblanc for Hooking.
11:04 of 3rd period - Mark Jankowski wins face-off versus Michael Bournival in Condors zone.
11:12 of 3rd period - Backhand shot by Michael Bournival.
11:12 of 3rd period - Stopped by Mark Visentin without a rebound.
11:13 of 3rd period - Mark Jankowski wins face-off versus Michael Bournival in Condors zone.
11:26 of 3rd period - Snap shot by Calle Jarnkrok.
11:26 of 3rd period - Stopped by Mark Visentin without a rebound.
11:27 of 3rd period - Mark Jankowski wins face-off versus Michael Bournival in Condors zone.
11:31 of 3rd period - Icing by Anton Slepyshev.
11:32 of 3rd period - Michael Bournival wins face-off versus Mark Jankowski in Condors zone.
11:35 of 3rd period - Wrist shot by Calle Jarnkrok.
11:35 of 3rd period - Stopped by Mark Visentin with a rebound.
11:43 of 3rd period - Wrist shot by Michael Bournival.
11:43 of 3rd period - Shot Blocked by Scott Mayfield.
11:46 of 3rd period - Icing by Carl Gunnarsson.
11:47 of 3rd period - Michael Bournival wins face-off versus Mark Jankowski in Condors zone.
11:58 of 3rd period - Slapshot by Carl Gunnarsson.
11:58 of 3rd period - Stopped by Anton Forsberg without a rebound.
11:59 of 3rd period - Michael Bournival wins face-off versus Mark Jankowski in Phantoms zone.
12:06 of 3rd period - Wrist shot by Michael Bournival.
12:06 of 3rd period - Stopped by Mark Visentin without a rebound.
12:07 of 3rd period - Michael Bournival wins face-off versus Mark Jankowski in Condors zone.
12:08 of 3rd period - Snap shot by Calle Jarnkrok.
12:08 of 3rd period - Stopped by Mark Visentin with a rebound.
12:10 of 3rd period - Slapshot by Jake Dotchin.
12:10 of 3rd period - Deflect By Scott Mayfield.
12:10 of 3rd period - Stopped by Mark Visentin without a rebound.
12:11 of 3rd period - Michael Bournival wins face-off versus Mark Jankowski in Condors zone.
12:13 of 3rd period - Penalty to Nick Shore is over, Nick Shore is back on ice.
13:03 of 3rd period - Penalty to Louis Leblanc is over, Louis Leblanc is back on ice.
13:43 of 3rd period - Wrist shot by Colin White.
13:43 of 3rd period - Shot Blocked by Jake Dotchin.
13:45 of 3rd period - Snap shot by Chris Bigras.
13:45 of 3rd period - Deflect By Kiefer Sherwood.
13:45 of 3rd period - Shot Blocked by Brendan Leipsic.
13:45 of 3rd period - Puck is out of play.
13:46 of 3rd period - Calle Jarnkrok wins face-off versus Mark Jankowski in Phantoms zone.
13:46 of 3rd period - Calle Jarnkrok is hit by Mark Jankowski.
13:51 of 3rd period - Off-side.
13:52 of 3rd period - Calle Jarnkrok wins face-off versus Anton Slepyshev in neutral zone.
14:05 of 3rd period - Slapshot by Travis Konecny.
14:05 of 3rd period - Shot Misses the Net.
14:07 of 3rd period - Snap shot by Travis Konecny.
14:07 of 3rd period - Shot Blocked by Brett Lernout.
14:23 of 3rd period - Snap shot by Louis Leblanc.
14:23 of 3rd period - Shot Misses the Net.
14:25 of 3rd period - Wrist shot by Jesse Puljujarvi.
14:25 of 3rd period - Deflect By Christian Thomas.
14:25 of 3rd period - Stopped by Anton Forsberg with a rebound.
14:27 of 3rd period - Snap shot by Christian Thomas.
14:27 of 3rd period - Stopped by Anton Forsberg with a rebound.
14:57 of 3rd period - Sven Andrighetto is hit by Anton Slepyshev.
15:01 of 3rd period - Wrist shot by Nick Shore.
15:01 of 3rd period - Shot Misses the Net.
15:22 of 3rd period - Zac Leslie is hit by Jake Dotchin and loses puck.
15:33 of 3rd period - Cristoval Nieves is hit by Phil McRae and loses puck.
15:38 of 3rd period - Wrist shot by Robby Fabbri.
15:38 of 3rd period - Stopped by Anton Forsberg with a rebound.
15:40 of 3rd period - Slapshot by Phil McRae.
15:40 of 3rd period - Shot Misses the Net.
15:42 of 3rd period - Slapshot by Robby Fabbri.
15:42 of 3rd period - Stopped by Anton Forsberg with a rebound.
15:48 of 3rd period - Minor Penalty to Nick Sorensen for Cross-checking.
15:49 of 3rd period - Michael Bournival wins face-off versus Mark Jankowski in Phantoms zone.
17:33 of 3rd period - Christian Thomas is hit by Ivan Provorov and loses puck.
17:48 of 3rd period - Penalty to Nick Sorensen is over, Nick Sorensen is back on ice.
17:51 of 3rd period - Nick Sorensen is hit by Christian Thomas and loses puck.
18:01 of 3rd period - Reid McNeill is hit by Brett Lernout and loses puck.
18:52 of 3rd period - Kiefer Sherwood is hit by Calle Jarnkrok and loses puck.
19:19 of 3rd period - Wrist shot by Brendan Leipsic.
19:19 of 3rd period - Stopped by Mark Visentin with a rebound.
19:21 of 3rd period - Slapshot by Brenden Kichton.
19:21 of 3rd period - Shot Blocked by Mark Jankowski.
19:33 of 3rd period - Minor Penalty to Adam Erne for Hooking.
19:34 of 3rd period - Calle Jarnkrok wins face-off versus Mark Jankowski in Condors zone.
19:35 of 3rd period - Snap shot by Michael Bournival.
19:35 of 3rd period - Stopped by Mark Visentin without a rebound.
19:36 of 3rd period - Mark Jankowski wins face-off versus Calle Jarnkrok in Condors zone.
Goals for this period are 3 for Phantoms vs 0 for Condors.
Shots for this period are 14 for Phantoms vs 13 for Condors.